Map: Ephemeron LE

Players

SortOf - Winner!

  • Race: Zerg Zerg
  • Spawn Location: 5:00

Zanster

  • Race: Zerg Zerg
  • Spawn Location: 11:00

VOD

Have the link to the VOD?

Description

Time

  • Played on: Sept. 6, 2019, 1:36 p.m.
  • Length: 7:45
Show
View Real Time Build Order
Export as new Build Order

SortOf Zerg - Winner!

Build Orders: Pool First 

Get SALT Encoding   

  12  0:17  Spawning Pool  
  11  0:22  Drone  
  11  0:27  Drone  
  13  0:31  Drone  
  14  0:40  Overlord  
  14  1:03  Zergling x4  
  16  1:05  Zergling x2  
  17  1:15  Zergling x2  
  17  1:18  Hatchery  
  17  1:26  Zergling x2  
  18  1:37  Zergling x2  
  19  1:42  Queen  
  21  1:47  Overlord  
  21  1:58  Drone  
  22  2:11  Drone  
  23  2:18  Queen  
  23  2:22  Drone  
  26  2:31  Queen  
  26  2:32  Drone x2  
  29  2:40  Drone  
  28  2:46  Drone  
  28  2:53  Drone x2  
  28  2:55  Drone x2  
  31  3:05  Drone x2  
  33  3:07  Queen  
  34  3:13  Overlord, Extractor x2  
  34  3:15  Drone  
  33  3:24  Drone  
  34  3:28  Evolution Chamber  
  34  3:29  Drone x3  
  34  3:33  Drone  
  37  3:34  Drone x2  
  37  3:36  Drone  
  37  3:40  Drone  
  41  3:47  Drone  
  42  3:50  Drone  
  43  3:59  Drone  
  43  4:01  Overlord, Roach Warren  
  43  4:06  Drone  
  44  4:13  Zerg Melee Weapons Level 1  
  44  4:15  Overlord  
  44  4:18  Metabolic Boost  
  44  4:22  Drone x2  
  44  4:23  Drone  
  44  4:24  Drone  
  48  4:34  Zergling x2  
  48  4:35  Zergling x2  
  50  4:38  Hatchery  
  50  4:43  Evolution Chamber  
  50  4:45  Zergling x8  
  52  4:52  Zergling x6  
  55  4:59  Zergling x8  
  59  5:08  Hatchery  
  59  5:11  Zergling x2  
  59  5:12  Zergling x2  
  60  5:16  Zerg Ground Armor Level 1  
  60  5:26  Overlord  
  60  5:36  Overlord  
  60  5:44  Zergling x6  
  60  5:45  Zergling x10  
  68  5:51  Zergling x4  
  70  5:59  Roach x2  
  74  6:05  Roach x2  
  78  6:12  Roach x2  
  78  6:13  Overlord  
  78  6:16  Overlord  
  82  6:21  Roach x2  
  82  6:22  Zergling x4  
  88  6:30  Overlord x2  
  88  6:33  Ravager x5  
  88  6:34  Zergling x2  
  88  6:35  Zergling x8  
  98  6:41  Zergling x10  
  98  6:42  Zergling x2  
  104  6:52  Zergling x6  
  104  6:58  Zergling x12  
  104  7:07  Zergling x8  
  108  7:10  Zergling x6  
  108  7:11  Ravager  
  108  7:15  Zergling x4  
  112  7:16  Zergling x2  
  112  7:22  Zergling x4  
  105  7:24  Zergling x4  
  105  7:25  Zergling x2  
Show
View Real Time Build Order
Export as new Build Order

Zanster Zerg 

Build Orders: Hatch First 

Get SALT Encoding   

  12  0:00  Drone  
  13  0:12  Overlord  
  13  0:16  Drone  
  14  0:31  Drone x2  
  16  0:49  Hatchery  
  15  0:51  Drone  
  15  0:55  Drone  
  17  0:58  Drone  
  18  1:09  Extractor  
  17  1:13  Spawning Pool  
  17  1:16  Drone  
  17  1:20  Drone  
  18  1:28  Drone  
  19  1:39  Drone  
  20  2:01  Queen x2  
  22  2:02  Zergling x4  
  24  2:09  Zergling x2  
  24  2:26  Zergling x2  
  22  2:43  Drone  
  22  2:44  Drone  
  22  2:54  Drone  
  22  2:55  Extractor  
  24  2:58  Drone  
  24  3:05  Spore Crawler  
  23  3:06  Drone  
  23  3:10  Drone  
  23  3:12  Overlord  
  26  3:13  Drone  
  26  3:15  Drone  
  28  3:22  Overlord  
  28  3:31  Drone x4  
  28  3:33  Drone  
  33  3:35  Drone  
  33  3:42  Queen  
  33  3:47  Drone  
  33  3:48  Drone  
  36  3:50  Drone  
  36  3:52  Drone  
  36  3:54  Drone  
  39  3:57  Drone  
  39  4:01  Zergling x2  
  41  4:04  Overlord  
  41  4:17  Hatchery  
  41  4:23  Overlord  
  40  4:24  Drone x3  
  40  4:25  Drone  
  44  4:32  Roach Warren  
  44  4:35  Evolution Chamber, Drone  
  44  4:36  Drone  
  44  4:44  Lair  
  44  4:46  Drone x3  
  44  4:48  Drone  
  48  4:53  Extractor  
  48  4:55  Overlord, Extractor  
  48  4:56  Drone  
  48  4:57  Drone  
  48  4:59  Drone  
  49  5:00  Drone  
  49  5:06  Zerg Missile Weapons Level 1  
  51  5:07  Drone x2  
  51  5:09  Overlord  
  52  5:18  Overlord  
  52  5:22  Baneling Nest  
  52  5:23  Roach x3  
  52  5:25  Roach  
  59  5:30  Roach x2  
  59  5:32  Roach  
  59  5:35  Roach  
  67  5:37  Overlord  
  67  5:43  Zergling x2  
  67  5:44  Zergling x2  
  68  5:53  Overlord, Evolution Chamber  
  67  5:58  Overlord  
  67  6:01  Zergling x2  
  67  6:02  Glial Reconstitution  
  68  6:06  Roach x3  
  68  6:07  Baneling x3  
  68  6:08  Baneling  
  68  6:10  Drone  
  68  6:11  Drone, Extractor  
  76  6:12  Drone  
  76  6:17  Overlord  
  76  6:23  Drone x2  
  78  6:37  Hatchery, Roach  
  78  6:38  Roach x4  
  87  6:42  Baneling x2  
  87  6:44  Overlord  
  86  6:58  Roach x5  
  96  7:08  Overlord  
  96  7:09  Zergling x4  
  96  7:10  Zergling x2  
  96  7:14  Roach  
Tags
 
Add a new tag
Caveats
  • Supply blocks, unpowered buildings, or Contaminate may cause inaccurate times.
  • Supply counts are checked every 10 seconds.